 Dungeon Crawl Stone Soup version 0.30.0 (webtiles) character file.

Game seed: 4292918379061585956

28 jagoly the Shooter (level 3, -5/30 HPs)
             Began as a Meteoran Hunter on May 20, 2023.
             Killed from afar by Ijyb (16 damage)
             ... with a bolt of light
             ... on level 2 of the Dungeon.
             The game lasted 00:03:09 (278 turns).

jagoly the Shooter (Meteoran Hunter)                 Turns: 278, Time: 00:03:09

Health: -5/30      AC:  4    Str: 12    XL:     3   Next: 47%
Magic:  4/4        EV: 13    Int: 10    God:
Gold:   89         SH:  0    Dex: 20    Spells: 2/2 levels left

rFire   . . .        a - +0 shortbow
rCold   . . .        (shield currently unavailable)
rNeg    . . .        c - +0 leather armour
rPois   .            (no helmet)
rElec   .            (no cloak)
rCorr   .            (no gloves)
SInv    .            d - +0 pair of boots
Will    .....        (no amulet)
Stlth   +            (no ring)
HPRegen 0.25/turn    (no ring)
MPRegen 0.09/turn

%: no passive effects
@: glowing
A: sense surroundings 1, otherworldly, glowing, explore regen
a: no special abilities


You were on level 2 of the Dungeon.
You visited 1 branch of the dungeon, and saw 2 of its levels.

You collected 89 gold pieces.

Inventory:

Hand Weapons
 a - a +0 shortbow (weapon)
Armour
 c - a +0 leather armour (worn)
 d - a +0 pair of boots (worn)
Scrolls
 b - a scroll of immolation


   Skills:
 + Level 2.6 Fighting
 * Level 4.9 Ranged Weapons
 + Level 2.9 Dodging
 - Level 1.0 Stealth


You had 2 spell levels left.
You didn't know any spells.
Your spell library was empty.

Dungeon Overview and Level Annotations

Branches:
Dungeon (2/15) Zot: 897

Altars:

Annotations:
D:2 Ijyb


Innate Abilities, Weirdness & Mutations

You passively map a small area around you.
You are easily found by Zot.
You glow in the dark.
You regain HP and MP as you explore.


Message History

Welcome, jagoly the Meteoran Hunter.
It's a long way down to the Orb of Zot, but that shouldn't be any trouble.
Press ? for a list of commands and other information.
Found 11 gold pieces.
Found a staircase leading out of the dungeon.
You now have 11 gold pieces.
You open the large door.
There is a large open door here.
You enter the shallow water.
Moving in this stuff is going to be slow.
A bat comes into view.
A bat is nearby!
You shoot an arrow. The arrow hits the bat.
The bat is moderately wounded.
The bat hits you. The bat hits you but does no damage.
You shoot an arrow. The arrow hits the bat!
You kill the bat!
No target in view!
Found 3 gold pieces.
Found 9 gold pieces.
You now have 20 gold pieces (gained 9).
Found 7 stones.
You now have 23 gold pieces (gained 3).
A goblin comes into view. It is wielding a +0 dagger.
Found 9 gold pieces.
The goblin shouts!
A bat comes into view.
You shoot an arrow. The arrow completely misses the goblin.
The arrow hits the bat.
You kill the bat!
You shoot an arrow. The arrow hits the goblin!
You kill the goblin!
No target in view!
Press: ? - help, v - describe, . - travel, g - get item
Items here: a +0 dagger; 9 gold pieces.
The floor.
You now have 32 gold pieces (gained 9).
You see here a +0 dagger.
You see here 7 stones.
A kobold comes into view. It is wielding a +0 dagger.
The kobold shouts!
You shoot an arrow. The arrow hits the kobold!
You kill the kobold!
A bat comes into view.
A frilled lizard comes into view.
The bat moves out of view.
The frilled lizard hisses angrily.
You shoot an arrow. The arrow hits the bat!
You kill the bat!
You shoot an arrow. The arrow hits the frilled lizard!
You kill the frilled lizard!
You have reached level 2!
You see here a +0 dagger.
You see here a bat corpse.
You see here a frilled lizard corpse.
Found 7 stones.
A hobgoblin comes into view.
The hobgoblin shouts!
You shoot an arrow. The arrow hits the hobgoblin.
The hobgoblin is severely wounded.
You shoot an arrow.
The arrow hits the hobgoblin but does no damage.
The hobgoblin is severely wounded.
A goblin comes into view. It is wielding a +0 dagger.
You shoot an arrow. The arrow closely misses the hobgoblin.
The goblin shouts!
An endoplasm comes into view.
You shoot an arrow. The arrow barely misses the hobgoblin.
The endoplasm quivers.
The arrow hits the goblin.
You kill the goblin!
The hobgoblin barely misses you.
You shoot an arrow. The arrow hits the hobgoblin.
You kill the hobgoblin!
You shoot an arrow. The arrow hits the endoplasm.
You kill the endoplasm!
No target in view!
Found 9 gold pieces.
You see here a hobgoblin corpse.
Things that are here:
a +0 dagger; a goblin corpse You now have 41 gold pieces (gained 9).
A kobold comes into view. It is wielding a +0 short sword.
The kobold shouts!
You hear an angry hiss.
The kobold throws a stone.
The stone closely misses you.
You shoot an arrow. The arrow barely misses the kobold.
You shoot an arrow. The arrow barely misses the kobold.
The kobold throws a stone.
The stone hits you but does no damage.
You shoot an arrow. The arrow completely misses the kobold.
The kobold throws a stone.
The stone closely misses you.
You shoot an arrow. The arrow barely misses the kobold.
You shoot an arrow. The arrow hits the kobold.
The kobold is severely wounded.
The kobold hits you with a +0 short sword.
You shoot an arrow. The arrow barely misses the kobold.
A bat comes into view.
The kobold barely misses you.
A ball python comes into view.
A giant cockroach comes into view.
You shoot an arrow. The arrow closely misses the kobold.
A giant cockroach comes into view.
The kobold hits you with a +0 short sword.
You shoot an arrow.
The arrow hits the kobold but does no damage.
The kobold is severely wounded.
The bat hits you but does no damage.
The kobold hits you with a +0 short sword.
The kobold barely misses you.
You shoot an arrow. The arrow closely misses the kobold.
The arrow hits the giant cockroach.
The giant cockroach is severely wounded.
The bat hits you.
The giant cockroach waves its antennae.
The kobold hits you with a +0 short sword.
You shoot an arrow.
The arrow hits the kobold but does no damage.
The kobold is severely wounded.
The bat barely misses you. The bat misses you.
The kobold hits you with a +0 short sword.
The bat misses you.
The giant cockroach attacks as you move away!
The giant cockroach bites you but does no damage.
The bat hits you but does no damage. The bat barely misses you.
The ball python closely misses you. The ball python grabs you.
The ball python constricts you.
You escape the ball python's grasp.
The bat barely misses you. The bat attacks as you move away!
The bat misses you. The bat closely misses you.
You shoot an arrow. The arrow hits the bat.
The bat is severely wounded.
The bat hits you. The bat closely misses you.
The bat hits you but does no damage.
You shoot an arrow. The arrow hits the bat.
You kill the bat!
The ball python barely misses you. x2
You shoot an arrow.
The arrow closely misses the ball python.
The arrow barely misses the giant cockroach.
The arrow hits the kobold.
You kill the kobold!
The ball python bites you but does no damage.
The ball python barely misses you.
You shoot an arrow. The arrow hits the ball python.
You kill the ball python!
Training target 1.0 for Stealth reached!
Your Stealth skill increases to level 1!
You shoot an arrow.
The arrow hits the giant cockroach but does no damage.
The giant cockroach bites you but does no damage.
The giant cockroach barely misses you.
You shoot an arrow. The arrow hits the giant cockroach.
The giant cockroach is heavily wounded.
The giant cockroach bites you.
You shoot an arrow. The arrow hits the giant cockroach!
You kill the giant cockroach!
No target in view!
An endoplasm comes into view.
You shoot an arrow. The arrow hits the endoplasm.
The endoplasm quivers.
The endoplasm is heavily wounded.
You shoot an arrow. The arrow hits the endoplasm.
The endoplasm is heavily wounded.
You shoot an arrow. The arrow hits the endoplasm.
You kill the endoplasm!
A dart slug comes into view.
You shoot an arrow. The arrow hits the dart slug.
The dart slug is lightly wounded.
You shoot an arrow. The arrow hits the dart slug!
The dart slug is severely wounded.
You shoot an arrow. The arrow hits the dart slug!
You kill the dart slug!
You have reached level 3!
Your experience leads to an increase in your attributes!
Increase (S)trength, (I)ntelligence, or (D)exterity?
You feel agile. x3
Found a stone staircase leading down.
A goblin comes into view. It is wielding a +0 dagger.
A quokka comes into view.
Found 12 gold pieces and a pair of boots.
The goblin shouts!
You shoot an arrow. The arrow hits the goblin!
You kill the goblin!
You shoot an arrow. The arrow hits the quokka.
The quokka is lightly wounded.
You shoot an arrow. The arrow completely misses the quokka.
The quokka bites you. The quokka barely misses you.
You shoot an arrow. The arrow hits the quokka!
You kill the quokka!
You see here a quokka corpse.
You now have 53 gold pieces (gained 12).
You see here a +0 pair of boots.
You start putting on your armour.
You continue putting on your +0 pair of boots. x4
You finish putting on your +0 pair of boots.
You see here a quokka corpse.
Things that are here:
a +0 dagger; a goblin corpse
There is a stone staircase leading down here.
You climb downwards.
The ball python hisses angrily.
There is a stone staircase leading up here.
Fire: a) +0 shortbow
Press: ? - help, Q - select action Shift-Dir - straight line, f - bat
Aim: a bat (asleep, 98% to hit)
You shoot an arrow. The arrow hits the bat!
You kill the bat!
The frilled lizard hisses angrily.
Fire: a) +0 shortbow
Press: ? - help, Q - select action Shift-Dir - straight line, f - ball python
Aim: a ball python (62% to hit)
You shoot an arrow. The arrow hits the ball python.
The ball python is severely wounded.
Fire: a) +0 shortbow
Press: ? - help, Q - select action Shift-Dir - straight line, f/p - ball python
Aim: a ball python (severely wounded, 62% to hit)
You shoot an arrow. The arrow hits the ball python.
You kill the ball python!
Fire: a) +0 shortbow
Press: ? - help, Q - select action Shift-Dir - straight line, f - frilled lizard
Aim: a frilled lizard (50% to hit)
You shoot an arrow.
The arrow closely misses the frilled lizard.
The frilled lizard closely misses you. The kobold hits you but does no damage.
The frilled lizard bites you but does no damage.
Fire: a) +0 shortbow
Press: ? - help, Q - select action Shift-Dir - straight line, f/p - frilled lizard
Aim: a frilled lizard (50% to hit)
You shoot an arrow.
The arrow barely misses the frilled lizard.
The kobold misses you. The frilled lizard misses you.
Fire: a) +0 shortbow
Press: ? - help, Q - select action Shift-Dir - straight line, f/p - frilled lizard
Aim: a frilled lizard (50% to hit)
You shoot an arrow. The arrow misses the frilled lizard.
The kobold barely misses you. The frilled lizard barely misses you.
Fire: a) +0 shortbow
Press: ? - help, Q - select action Shift-Dir - straight line, f/p - frilled lizard
Aim: a frilled lizard (50% to hit)
You shoot an arrow. The arrow hits the frilled lizard.
You kill the frilled lizard!
The kobold hits you but does no damage.
Fire: a) +0 shortbow
Press: ? - help, Q - select action Shift-Dir - straight line, f - kobold
Aim: a kobold, wielding a +0 dagger (59% to hit)
You shoot an arrow. The arrow barely misses the kobold.
The kobold hits you with a +0 dagger. x2
Fire: a) +0 shortbow
Press: ? - help, Q - select action Shift-Dir - straight line, f/p - kobold
Aim: a kobold, wielding a +0 dagger (59% to hit)
You shoot an arrow. The arrow closely misses the kobold.
The kobold hits you but does no damage.
Fire: a) +0 shortbow
Press: ? - help, Q - select action Shift-Dir - straight line, f/p - kobold
Aim: a kobold, wielding a +0 dagger (59% to hit)
You shoot an arrow.
The arrow hits the kobold but does no damage.
The kobold misses you. The kobold hits you with a +0 dagger.
Fire: a) +0 shortbow
Press: ? - help, Q - select action Shift-Dir - straight line, f/p - kobold
Aim: a kobold, wielding a +0 dagger (59% to hit)
You shoot an arrow. The arrow hits the kobold.
The kobold is moderately wounded.
The kobold hits you with a +0 dagger.
Fire: a) +0 shortbow
Press: ? - help, Q - select action Shift-Dir - straight line, f/p - kobold
Aim: a kobold, wielding a +0 dagger (moderately wounded, 59% to hit)
You shoot an arrow. The arrow hits the kobold.
You kill the kobold!
Found 6 gold pieces.
Found 7 stones, a robe and a short sword.
You now have 59 gold pieces (gained 6).
A ball python comes into view.
You shoot an arrow. The arrow hits the ball python.
You kill the ball python!
No target in view!
Found 14 gold pieces.
Found a mace and 10 gold pieces.
You now have 73 gold pieces (gained 14).
Found 10 gold pieces.
You now have 83 gold pieces (gained 10).
Found a stone staircase leading up.
There is a stone staircase leading up here.
You climb upwards.
Found 6 gold pieces.
There is a stone staircase leading down here.
You now have 89 gold pieces (gained 6).
There is a stone staircase leading down here.
You climb downwards.
There is a stone staircase leading up here.
Found a scroll labelled RAXEPS YDDIRR. 2 goblins come into view.
The goblin shouts!
You hear a shout!
A goblin comes into view.
It is wielding a +0 club. 3 goblins and Ijyb come into view.
Ijyb is wielding a +0 dagger and carrying a wand of light (9).
Found a pink potion.
The goblin shouts! x2; Ijyb shouts!
Fire: a) +0 shortbow
Press: ? - help, Q - select action Shift-Dir - straight line, f - Ijyb
Aim: Ijyb, wielding a +0 dagger, wearing a +0 chain mail and carrying a wand of light (9) (fire blocked by a granite statue, 65% to hit)
Okay, then.
Fire: a) +0 shortbow
Press: ? - help, Q - select action Shift-Dir - straight line, f - goblin
Aim: a goblin, wielding a +0 dagger (59% to hit)
You shoot an arrow. The arrow misses the goblin.
Fire: a) +0 shortbow
Press: ? - help, Q - select action Shift-Dir - straight line, f - goblin, p - goblin
Aim: a goblin, wielding a +0 club (59% to hit)
You shoot an arrow. The arrow hits the goblin.
You kill the goblin!
Fire: a) +0 shortbow
Press: ? - help, Q - select action Shift-Dir - straight line, f/p - goblin
Aim: a goblin, wielding a +0 club (59% to hit)
You shoot an arrow. The arrow hits the goblin.
The goblin is heavily wounded.
Fire: a) +0 shortbow
Press: ? - help, Q - select action Shift-Dir - straight line, f - goblin, p - goblin
Aim: a goblin, wielding a +0 club (heavily wounded, 59% to hit)
You shoot an arrow. The arrow barely misses the goblin.
The arrow hits the goblin.
The goblin is almost dead.
The goblin closely misses you.
Fire: a) +0 shortbow
Press: ? - help, Q - select action Shift-Dir - straight line, f - goblin, p - goblin
Aim: a goblin, wielding a +0 club (59% to hit)
You shoot an arrow. The arrow completely misses the goblin.
The arrow hits the goblin.
The goblin is severely wounded.
The goblin hits you but does no damage. The goblin closely misses you.
The goblin attacks as you move away! The goblin hits you with a +0 club.
Fire: a) +0 shortbow
Press: ? - help, Q - select action Shift-Dir - straight line, f - Ijyb, p - goblin
Aim: Ijyb, wielding a +0 dagger, wearing a +0 chain mail and carrying a wand of light (9) (65% to hit)
You shoot an arrow. The arrow barely misses the goblin.
The arrow hits the goblin.
You kill the goblin!
The goblin hits you with a +0 club. The goblin hits you but does no damage.
Fire: a) +0 shortbow
Press: ? - help, Q - select action Shift-Dir - straight line, f/p - Ijyb
Aim: Ijyb, wielding a +0 dagger, wearing a +0 chain mail and carrying a wand of light (9) (65% to hit)
You shoot an arrow. The arrow barely misses the goblin.
The arrow hits Ijyb.
Ijyb is lightly wounded.
The goblin closely misses you.
Fire: a) +0 shortbow
Press: ? - help, Q - select action Shift-Dir - straight line, f/p - Ijyb
Aim: Ijyb, wielding a +0 dagger, wearing a +0 chain mail and carrying a wand of light (9) (lightly wounded, 65% to hit)
You shoot an arrow. The arrow hits the goblin.
You kill the goblin!
Ijyb screams, "It's all mine!"
Fire: a) +0 shortbow
Press: ? - help, Q - select action Shift-Dir - straight line, f/p - Ijyb
Aim: Ijyb, wielding a +0 dagger, wearing a +0 chain mail and carrying a wand of light (9) (lightly wounded, 65% to hit)
You shoot an arrow. The arrow hits Ijyb but does no damage.
Ijyb is lightly wounded.
Ijyb hits you but does no damage. Ijyb screams, "I dance on your bones!"
Ijyb hits you with a +0 dagger.
Fire: a) +0 shortbow
Press: ? - help, Q - select action Shift-Dir - straight line, f/p - Ijyb
Aim: Ijyb, wielding a +0 dagger, wearing a +0 chain mail and carrying a wand of light (9) (65% to hit)
You shoot an arrow. The arrow hits Ijyb but does no damage.
Ijyb closely misses you.
Fire: a) +0 shortbow
Press: ? - help, Q - select action Shift-Dir - straight line, f/p - Ijyb
Aim: Ijyb, wielding a +0 dagger, wearing a +0 chain mail and carrying a wand of light (9) (65% to hit)
You shoot an arrow. The arrow hits Ijyb.
Ijyb is lightly wounded.
Ijyb screams, "Die!"
Ijyb hits you with a +0 dagger.
Fire: a) +0 shortbow
Press: ? - help, Q - select action Shift-Dir - straight line, f/p - Ijyb
Aim: Ijyb, wielding a +0 dagger, wearing a +0 chain mail and carrying a wand of light (9) (lightly wounded, 65% to hit)
You shoot an arrow. The arrow hits Ijyb but does no damage.
Ijyb is lightly wounded.
Ijyb hits you with a +0 dagger. x2
Fire: a) +0 shortbow
Press: ? - help, Q - select action Shift-Dir - straight line, f/p - Ijyb
Aim: Ijyb, wielding a +0 dagger, wearing a +0 chain mail and carrying a wand of light (9) (lightly wounded, 65% to hit)
You shoot an arrow. The arrow hits Ijyb but does no damage.
Ijyb is lightly wounded.
Ijyb closely misses you.
Fire: a) +0 shortbow
Press: ? - help, Q - select action Shift-Dir - straight line, f/p - Ijyb
Aim: Ijyb, wielding a +0 dagger, wearing a +0 chain mail and carrying a wand of light (9) (lightly wounded, 65% to hit)
You shoot an arrow. The arrow hits Ijyb.
Ijyb is lightly wounded.
Ijyb closely misses you.
Fire: a) +0 shortbow
Press: ? - help, Q - select action Shift-Dir - straight line, f/p - Ijyb
Aim: Ijyb, wielding a +0 dagger, wearing a +0 chain mail and carrying a wand of light (9) (lightly wounded, 65% to hit)
You shoot an arrow. The arrow hits Ijyb!
Ijyb is moderately wounded.
Ijyb hits you with a +0 dagger.
* * * LOW HITPOINT WARNING * * *
Fire: a) +0 shortbow
Press: ? - help, Q - select action Shift-Dir - straight line, f/p - Ijyb
Aim: Ijyb, wielding a +0 dagger, wearing a +0 chain mail and carrying a wand of light (9) (moderately wounded, 65% to hit)
You shoot an arrow. The arrow hits Ijyb.
Ijyb is heavily wounded.
Ijyb hits you but does no damage. Ijyb hits you with a +0 dagger.
* * * LOW HITPOINT WARNING * * *
Fire: a) +0 shortbow
Press: ? - help, Q - select action Shift-Dir - straight line, f/p - Ijyb
Aim: Ijyb, wielding a +0 dagger, wearing a +0 chain mail and carrying a wand of light (9) (heavily wounded, 65% to hit)
You shoot an arrow. The arrow hits Ijyb but does no damage.
Ijyb is heavily wounded.
Ijyb closely misses you.
Fire: a) +0 shortbow
Press: ? - help, Q - select action Shift-Dir - straight line, f/p - Ijyb
Aim: Ijyb, wielding a +0 dagger, wearing a +0 chain mail and carrying a wand of light (9) (heavily wounded, 65% to hit)
You shoot an arrow. The arrow hits Ijyb.
Ijyb is severely wounded.
Ijyb hits you but does no damage.
Fire: a) +0 shortbow
Press: ? - help, Q - select action Shift-Dir - straight line, f/p - Ijyb
Aim: Ijyb, wielding a +0 dagger, wearing a +0 chain mail and carrying a wand of light (9) (severely wounded, 65% to hit)
You shoot an arrow. The arrow hits Ijyb.
Ijyb is almost dead.
Ijyb barely misses you.
Fire: a) +0 shortbow
Press: ? - help, Q - select action Shift-Dir - straight line, f/p - Ijyb
Aim: Ijyb, wielding a +0 dagger, wearing a +0 chain mail and carrying a wand of light (9) (almost dead, 65% to hit)
You shoot an arrow. The arrow hits Ijyb but does no damage.
Ijyb is almost dead.
Ijyb zaps a wand.
The bolt of light hits you!
Ouch! That really hurt!
You die...

#*,,,
*#......##...###
..,
.###..#.####...#
.#. ......#.#
##.#.# ##
.....##.###..#.#
# ,
............##.#
.
,....#..######.#
# . #.## #.. , ,
#.# #. * ,,#@# *
* , , #g#** ,
8.8.8.8gg......
,
.......g.###...
...!.)...# *
.........#
........?# **
.........# *
8.8.8.8..#


You could see Ijyb and 3 goblins.

Vanquished Creatures
  A dart slug (D:1)
  5 bats
  2 endoplasms (D:1)
  A giant cockroach (D:1)
  A hobgoblin (D:1)
  A quokka (D:1)
  3 ball pythons
  2 frilled lizards
  6 goblins
  3 kobolds
25 creatures vanquished.

Notes
Turn   | Place    | Note
-------+----------+-------------------------------------------
     0 | D:1      | jagoly the Meteoran Hunter began the quest for the Orb.
     0 | D:1      | Reached XP level 1. HP: 17/17 MP: 2/2
    73 | D:1      | Reached XP level 2. HP: 24/24 MP: 3/3
   119 | D:1      | Reached skill level 1 in Stealth
   135 | D:1      | Reached XP level 3. HP: 29/30 MP: 4/4
   257 | D:2      | Noticed Ijyb
   278 | D:2      | Killed from afar by Ijyb

Illustrated notes

Levels and vault maps discovered:
D:1:      lightli_arrival_boilingwater, layout_loops_ring,
          basic_ecumenical_altar, minivault_5, hangedman_decor_growths,
          minmay_pentomino_o2
D:2:      kennysheep_the_goblin_king, layout_rooms

Skill      XL: |  1  2 |
---------------+-------+-----
Stealth        | 1 |  1.0
Fighting       | |  2.6
Ranged Weapons | |  4.9
Dodging        | |  2.9

Action                     || total
---------------------------++-------
   Fire: Shortbow          ||    73
 Armour: Leather armour    ||    17
  Dodge: Dodged            ||    33
